 Dungeon Crawl Stone Soup version 0.24.0-125-gc4c63601f3 (webtiles) character file.

Game seed: 15361918452403290579, levelgen mode: deterministic

35430 Frank2 the Basher (level 13, -6/103 HPs)
             Began as a Demonspawn Gladiator on Mar 20, 2020.
             Was a High Priest of Fedhas.
             Mangled by a five-headed hydra (7 damage)
             ... on level 3 of the Lair of Beasts.
             The game lasted 00:29:53 (14700 turns).

Frank2 the Basher (Demonspawn Gladiator)           Turns: 14700, Time: 00:29:54

Health: -6/103     AC: 19    Str: 15    XL:     13   Next: 47%
Magic:  19/19      EV: 17    Int: 15    God:    Fedhas [*****.]
Gold:   769        SH:  0    Dex: 19    Spells: 12/12 levels left

rFire    . . .     SeeInvis +   t - +9 whip of Hoisk {slash, rC+ Dex+2}
rCold    + . .     Gourm    .   (no shield)
rNeg     . . .     Faith    .   r - +3 ring mail "Dohowivu" {Int+3}
rPois    .         Spirit   .   c - +2 helmet
rElec    .         Reflect  .   j - +1 cloak
rCorr    .         Harm     +   (no gloves)
MR       +....                  (no boots)
Stlth    +.........             k - amulet of harm
HPRegen  2.27/turn              s - ring of see invisible
MPRegen  0.16/turn              y - ring of protection from magic

@: lethally poisoned (-6 -> -6)
A: hooves 1, iridescent scales 2, powered by death 2
a: Wall of Briars, Grow Ballistomycete, Overgrow, Grow Oklob, Renounce Religion


You were on level 3 of the Lair of Beasts.
You worshipped Fedhas.
Fedhas was extremely pleased with you.
You were near starving.

You visited 3 branches of the dungeon, and saw 18 of its levels.
You also visited: Sewer.

You collected 769 gold pieces.

Inventory:

Hand Weapons
 t - the +9 whip of Hoisk (weapon) {slash, rC+ Dex+2}
   (You found it on level 8 of the Dungeon)

   It inflicts extra damage upon your enemies.
   It affects your dexterity (+2).
   It protects you from cold.
 v - a +0 morningstar
 G - the +6 war axe of the First Mice {chop, rF+ MR+}
   (You found it on level 7 of the Dungeon)

   It inflicts extra damage upon your enemies.
   It protects you from fire.
   It affects your resistance to hostile enchantments.
Armour
 c - a +2 helmet (worn)
 j - a +1 cloak (worn)
 r - the +3 ring mail "Dohowivu" (worn) {Int+3}
   (You found it in a sewer)

   It affects your intelligence (+3).
Jewellery
 g - an uncursed amulet of magic regeneration {unknown}
 k - an amulet of harm (around neck)
 m - a +3 amulet of reflection {unknown}
 s - a ring of see invisible (left hand)
 y - a ring of protection from magic (right hand)
 K - an uncursed ring of protection from magic
 L - an uncursed ring of stealth {unknown}
Wands
 a - a wand of flame (22)
 b - a wand of iceblast (10)
 u - a wand of polymorph (29)
 x - a wand of digging (10)
 z - a wand of paralysis (2)
 I - a wand of acid (18)
 M - a wand of disintegration (12)
Scrolls
 d - 4 scrolls of immolation
 o - a scroll of fog
 q - 7 scrolls of remove curse
 A - 4 scrolls of identify
 C - a scroll of blinking
 D - 2 scrolls of teleportation
 F - a scroll of fear
 J - a scroll of enchant armour
Potions
 e - 2 potions of curing
 h - a potion of berserk rage
 i - 2 potions of agility
 l - 5 potions of flight
 n - 3 potions of haste
 p - 4 potions of might
 B - a potion of cancellation
 E - a potion of ambrosia {unknown}
 H - 2 potions of lignification
Comestibles
 f - 29 rations


   Skills:
 + Level 10.0 Fighting
 + Level 5.5(9.8) Axes
 + Level 12.3(12.8) Maces & Flails
 - Level 1.7 Throwing
 + Level 7.9 Armour
 + Level 8.4 Dodging
 * Level 4.1 Invocations
 * Level 9.3 Evocations


You had 12 spell levels left.
You didn't know any spells.
Your spell library contained the following spells:

 Spells                   Type           Power        Failure   Level  Hunger
 Animate Skeleton         Necr           N/A          43%         1    ##.....
 Apportation              Tloc           #.....       43%         1    ##.....
 Beastly Appendage        Tmut           #.....       43%         1    ##.....
 Confusing Touch          Hex            #.....       43%         1    ##.....
 Corona                   Hex            #......      43%         1    ##.....
 Flame Tongue             Conj/Fire      #....        43%         1    ##.....
 Summon Small Mammal      Summ           #...         43%         1    ##.....
 Call Imp                 Summ           #.......     56%         2    ###....
 Passwall                 Tmut/Erth      #.......     56%         2    ###....
 Poisonous Vapours        Pois/Air       #.....       56%         2    ###....
 Slow                     Hex            #.......     56%         2    ###....
 Sticks to Snakes         Tmut           #.......     56%         2    ###....
 Throw Flame              Conj/Fire      #.....       56%         2    ###....
 Conjure Flame            Conj/Fire      #.......     80%         3    ####...
 Inner Flame              Hex/Fire       #.......     80%         3    ####...
 Mephitic Cloud           Conj/Pois/Air  #.......     80%         3    ####...
 Portal Projectile        Hex/Tloc       #.....       80%         3    ####...
 Spider Form              Tmut/Pois      #.........   80%         3    ####...
 Cause Fear               Hex            #.........   99%         4    #####..
 Ice Form                 Ice/Tmut       #.......     99%         4    #####..
 Leda's Liquefaction      Hex/Erth       #.........   99%         4    #####..
 Petrify                  Tmut/Erth      #.......     99%         4    #####..
 Sticky Flame             Conj/Fire      #.......     99%         4    #####..
 Blade Hands              Tmut           #.........   100%        5    ######.
 Bolt of Magma            Conj/Fire/Erth #.........   100%        5    ######.
 Borgnjor's Vile Clutch   Necr/Erth      #.........   100%        5    ######.
 Fireball                 Conj/Fire      #.........   100%        5    ######.
 Freezing Cloud           Conj/Ice/Air   #.........   100%        6    #######
 Iron Shot                Conj/Erth      #.........   100%        6    #######
 Shadow Creatures         Summ           N/A          100%        6    #######
 Statue Form              Tmut/Erth      #........    100%        6    #######
 Ring of Flames           Chrm/Fire      #.........   100%        7    #######
 Shatter                  Erth           #.........   100%        9    #######


Dungeon Overview and Level Annotations

Branches:
Dungeon (12/15)            Temple (1/1) D:5            Lair (5/6) D:11
 Shoals (0/4) Lair:2        Snake (0/4) Lair:4          Orc (0/2) D:12
  Sewer (visited)
  Slime: Lair:5-6

Altars:
Ashenzari
Cheibriados
Dithmenos
Elyvilon
Fedhas
Gozag
Hepliaklqana
Kikubaaqudgha
Makhleb
Nemelex Xobeh
Okawaru
Qazlal
Ru
Sif Muna
Trog
Uskayaw
Vehumet
Wu Jian
Xom
Yredelemnul
Zin
The Shining One

Shops:
D:6 (   D:9 !=   D:12 =

Annotations:
D:9 1 runed translucent door, matti1234's ghost, novice OpWr


Innate Abilities, Weirdness & Mutations

You have large cloven feet.
You are mostly covered in iridescent scales. (AC +4)
You regenerate health from kills.


Message History

The five-headed hydra bites you!
* * * LOW HITPOINT WARNING * * *
The five-headed hydra barely misses you.
The five-headed hydra bites you but does no damage.
The five-headed hydra misses you.
You whack the five-headed hydra!
The five-headed hydra is almost dead.
You feel sick.
Unknown command.
You hit the five-headed hydra but do no damage.
You kick the five-headed hydra, but do no damage.
The five-headed hydra is almost dead.
You feel sick.
The five-headed hydra barely misses you.
The five-headed hydra bites you!
* * * LOW HITPOINT WARNING * * *
The five-headed hydra barely misses you.
The five-headed hydra bites you.
You die...
Fedhas appreciates your contribution to the ecosystem.

#################
........................
........................
...^....................
........................
........................
........................
........................
................@.......
....P###..#.##.##D......
###### ###.##### ......$
### ....%.. .......
....... ....... .......


You could see a five-headed hydra.

Vanquished Creatures
  Kirke (D:12)
  Gastronok (Lair:1)
  Fannar (D:11)
  3 hydras
  A catoblepas (Lair:4)
  Erica (D:10)
  4 two-headed ogres
  3 unseen horrors
  A cyclops (D:12)
  An ugly thing (D:12)
  2 black mambas (Lair:2)
  3 elephants (Lair:3)
  3 gargoyles
  3 komodo dragons
  11 spiny frogs
  2 trolls
  A polar bear (D:11)
  A hornet (D:11)
  6 blink frogs
  A snapping turtle (Lair:2)
  2 dream sheep (D:9)
  3 hippogriffs
  Sigmund (D:2)
  2 shadows (D:11)
  20 yaks
  A water elemental (D:11)
  A hog (D:12)
  2 basilisks
  Grum (Lair:1)
  A steam dragon (Lair:4)
  5 nagas (Lair:4)
  4 water moccasins
  4 porcupines
  Duvessa (D:6)
  4 sky beasts
  6 orc warriors
  4 ogres
  5 ice beasts
  2 black bears
  3 necrophages (D:9)
  9 wolves
  7 centaurs
  7 crocodiles
  7 big kobolds
  14 bullfrogs
  A wyvern zombie (D:11)
  An elf skeleton (D:9)
  Dowan (D:6)
  2 wyvern skeletons (D:10)
  2 scorpions
  5 killer bees (D:12)
  2 jellies (D:10)
  A wight (D:9)
  3 howler monkeys
  An electric eel (D:11)
  A centaur zombie (D:9)
  5 crimson imps
  A quasit (D:10)
  A bullfrog zombie (D:12)
  A gnoll shaman (D:6)
  21 orc wizards
  A bullfrog skeleton (D:12)
  A centaur skeleton (D:9)
  2 hounds
  8 orc priests
  Terence (D:2)
  2 human zombies (D:9)
  A human skeleton (D:9)
  2 iguanas
  9 worker ants
  An ogre zombie (D:9)
  A hound zombie (D:9)
  A hound skeleton (D:4)
  A mummy (D:9)
  A howler monkey zombie (D:9)
  12 gnolls
  A howler monkey skeleton (D:9)
  17 adders
  9 river rats
  5 shadow imps
  A white imp (D:11)
  An ufetubus (D:11)
  2 oozes
  An adder skeleton (D:4)
  2 worms (D:2)
  A dart slug (D:1)
  4 leopard geckos
  81 orcs
  8 ball pythons
  8 giant cockroaches
  9 goblins
  6 hobgoblins
  19 jackals
  28 kobolds
  4 quokkas
  12 bats
  5 frilled lizards
  2 orc zombies (D:9)
  27 rats
512 creatures vanquished.

Vanquished Creatures (collateral kills)
  A naga (Lair:4)
  A bullfrog (Lair:3)
  5 ballistomycete spores (Lair:2)
7 creatures vanquished.

Vanquished Creatures (others)
  4 humans (D:12)
  2 fungi (Lair:1)
6 creatures vanquished.

Grand Total: 525 creatures vanquished

Notes
Turn   | Place    | Note
-------+----------+-------------------------------------------
     0 | D:1      | Frank2 the Demonspawn Gladiator began the quest for the
                  | Orb.
     0 | D:1      | Reached XP level 1. HP: 16/16 MP: 1/1
   171 | D:1      | Gained mutation: You regenerate a little health from kills.
                  | [demonic ancestry]
   171 | D:1      | Reached XP level 2. HP: 16/22 MP: 2/2
   260 | D:1      | Reached skill level 3 in Maces & Flails
   499 | D:1      | Reached XP level 3. HP: 14/27 MP: 3/3
  1025 | D:2      | Noticed Terence
  1069 | D:2      | Killed Terence
  1069 | D:2      | Reached skill level 1 in Armour
  1079 | D:2      | Reached XP level 4. HP: 34/34 MP: 4/4
  1260 | D:2      | Noticed Sigmund
  1321 | D:2      | Reached skill level 4 in Maces & Flails
  1451 | D:2      | Killed Sigmund
  1451 | D:2      | Reached XP level 5. HP: 18/40 MP: 5/5
  1451 | D:2      | Gained mutation: You are partially covered in iridescent
                  | scales. (AC +2) [demonic ancestry]
  1451 | D:2      | Reached XP level 6. HP: 20/46 MP: 6/6
  1871 | D:3      | Found a glowing drain.
  1897 | D:3      | Reached skill level 5 in Maces & Flails
  1914 | Sewer    | Entered a sewer
  2178 | Sewer    | Gained mutation: You have large cloven feet. [demonic
                  | ancestry]
  2178 | Sewer    | Reached XP level 7. HP: 35/52 MP: 7/7
  2384 | Sewer    | Got an encrusted ring mail
  2397 | Sewer    | Identified the +3 ring mail "Dohowivu" {Int+3} (You found
                  | it in a sewer)
  2569 | D:3      | Found a shattered altar of Ashenzari.
  2742 | D:3      | Reached skill level 6 in Maces & Flails
  3031 | D:4      | Found an iron altar of Okawaru.
  3365 | D:4      | Found a shadowy altar of Dithmenos.
  3580 | D:5      | Entered Level 5 of the Dungeon
  3596 | D:5      | Gained mutation: You are mostly covered in iridescent
                  | scales. (AC +4) [demonic ancestry]
  3596 | D:5      | Reached XP level 8. HP: 60/60 MP: 8/8
  3663 | D:5      | Reached skill level 7 in Maces & Flails
  3931 | D:5      | Found a staircase to the Ecumenical Temple.
  3996 | D:5      | Found a burning altar of Makhleb.
  3996 | D:5      | Noticed a cacodemon
  3999 | D:5      | Noticed a hellwing
  4039 | D:5      | Found an ancient bone altar of Kikubaaqudgha.
  4281 | D:6      | Noticed Duvessa
  4281 | D:6      | Noticed Dowan
  4284 | D:6      | Killed Dowan
  4284 | D:6      | Reached skill level 5 in Dodging
  4302 | D:6      | Killed Duvessa
  4435 | D:6      | Reached skill level 8 in Maces & Flails
  4446 | D:6      | Reached skill level 1 in Evocations
  4628 | D:6      | Found Dariurug's Antique Weapon Emporium.
  4676 | D:6      | Reached XP level 9. HP: 64/67 MP: 8/10
  4832 | D:6      | Reached skill level 5 in Fighting
  5299 | Temple   | Entered the Ecumenical Temple
  5667 | D:7      | Got an iridescent war axe
  5669 | D:7      | Identified the +6 war axe of the First Mice {chop, rF+ MR+}
                  | (You found it on level 7 of the Dungeon)
  5691 | D:7      | Found a snail-covered altar of Cheibriados.
  5706 | D:7      | Reached skill level 9 in Maces & Flails
  6191 | D:7      | Found a blossoming altar of Fedhas.
  6207 | D:7      | Became a worshipper of Fedhas Madash
  6740 | D:8      | Reached skill level 1 in Axes
  6752 | D:8      | Got a brightly glowing whip
  6775 | D:8      | Noticed a two-headed ogre
  6784 | D:8      | Killed a two-headed ogre
  6784 | D:8      | Reached XP level 10. HP: 57/76 MP: 12/12
  7097 | D:8      | Reached skill level 5 in Armour
  7428 | D:8      | Identified the +9 whip of Hoisk {slash, rC+ Dex+2} (You
                  | found it on level 8 of the Dungeon)
  7499 | D:9      | Found Okky's Jewellery Shop.
  7608 | D:9      | Found Weomohel's Distillery.
  7673 | D:9      | Found a hazy altar of Hepliaklqana.
  7704 | D:9      | Reached * piety under Fedhas
  7826 | D:9      | Noticed a three-headed hydra
  7835 | D:9      | Killed a three-headed hydra
  7866 | D:9      | Noticed a two-headed ogre
  7877 | D:9      | Killed a two-headed ogre
  7877 | D:9      | Reached skill level 5 in Axes
  7877 | D:9      | Reached skill level 5 in Evocations
  8109 | D:9      | Found an ancient bone altar of Kikubaaqudgha.
  8243 | D:9      | Reached ** piety under Fedhas
  8248 | D:9      | Found a runed translucent door.
  8253 | D:9      | Noticed matti1234's ghost (novice OpWr)
  8275 | D:10     | Entered Level 10 of the Dungeon
  8357 | D:10     | Noticed Erica
  8373 | D:10     | Killed Erica
  8373 | D:10     | Gained mutation: You regenerate health from kills. [demonic
                  | ancestry]
  8373 | D:10     | Reached XP level 11. HP: 62/83 MP: 15/15
  8423 | D:10     | Noticed an unseen horror
  8436 | D:10     | Killed an unseen horror
  8455 | D:10     | Reached skill level 10 in Maces & Flails
  8591 | D:10     | Noticed an unseen horror
  8597 | D:10     | Killed an unseen horror
  8849 | D:11     | Found a staircase to the Lair.
  8893 | D:11     | Noticed a two-headed ogre
  8900 | D:11     | Killed a two-headed ogre
  8940 | D:11     | Reached *** piety under Fedhas
  9072 | D:11     | Noticed an eight-headed hydra
  9106 | D:11     | Killed an eight-headed hydra
  9521 | D:11     | Noticed Fannar
  9541 | D:11     | Killed Fannar
  9541 | D:11     | Reached skill level 11 in Maces & Flails
  9541 | D:11     | Reached XP level 12. HP: 81/93 MP: 17/17
  9792 | D:12     | Reached **** piety under Fedhas
  9853 | D:12     | Found a staircase to the Orcish Mines.
 10040 | D:12     | Found an opulent altar of Gozag.
 10075 | D:12     | Noticed Kirke
 10093 | D:12     | Killed Kirke
 10094 | D:12     | Noticed a two-headed ogre
 10110 | D:12     | Killed a two-headed ogre
 10272 | D:12     | Found Moal's Jewellery Emporium.
 10666 | Lair:1   | Entered Level 1 of the Lair of Beasts
 10755 | Lair:1   | Noticed Gastronok
 10777 | Lair:1   | Killed Gastronok
 10908 | Lair:1   | Noticed Grum
 10926 | Lair:1   | Killed Grum
 10930 | Lair:1   | Reached ***** piety under Fedhas
 11231 | Lair:1   | Identified the Almanac of Ashen Creation
 11537 | Lair:1   | Reached skill level 12 in Maces & Flails
 11874 | Lair:1   | Reached XP level 13. HP: 98/101 MP: 19/19
 12110 | Lair:2   | Reached skill level 1 in Invocations
 12623 | Lair:2   | You fall into a shaft and drop 2 floors!
 13222 | Lair:4   | Found a staircase to the Snake Pit.
 14257 | Lair:2   | Found a staircase to the Shoals.
 14685 | Lair:3   | Reached skill level 10 in Fighting
 14700 | Lair:3   | HP: 1/103 [five-headed hydra (14)]
 14700 | Lair:3   | Mangled by a five-headed hydra

Levels and vault maps discovered:
D:1:      saegor_arrival_simple_a, layout_basic
D:2:      layout_rooms, first_ration, uniq_terence, uniq_sigmund
D:3:      layout_rooms, nicolae_overflow_hidden_temple, portal_sewer_entry_b,
          minmay_pentangle
D:4:      layout_rooms, okawaru_ov_weapons_minmay,
          nicolae_dithmenos_the_darkroom
D:5:      layout_basic, minmay_temple_entry_sparse_star, basic_altar,
          makhleb_altar_promises_db
D:6:      layout_loops_ring, serial_shops, nicolae_shop_overgrown_old_shop,
          chequers_serial_rivers_micro_d, kennysheep_flooded_box, uniq_duvessa
D:7:      layout_gridville, kennysheep_little_box, lemuel_doored_altar
D:8:      layout_gridville
D:9:      layout_roguey, overflow_temple_1_default, serial_shops,
          shop_fountains, shop, shop_statue, ebering_ghost_reflecting_pool,
          hangedman_ranch [blue_anna_fruit_fields], minivault_19,
          hangedman_decor_peaks_small, lemuel_mausoleum_altar_kikubaaqudgha
D:10:     layout_roguey, roderic_roman_lattice, uniq_erica
D:11:     layout_roguey, lair_entry_dummy, serial_ice, serial_ice_k,
          serial_ice_f, serial_ice_h, serial_ice_e, uniq_fannar
D:12:     layout_roguey, hiddenorc2_lemuel, serial_shops, shop,
          grunt_gozag_statues, uniq_kirke
Temple:   nicolae_temple_elliptical
Lair:1:   layout_cave_pods, chequers_serial_rivers_micro_d, beast_lair_carwin_4,
          infiniplex_staircase_pool_2, uniq_gastronok, uniq_grum
Lair:2:   layout_gridlike, minmay_shoals_entry_hut, grunt_megastairs_4
Lair:3:   layout_big_grid
Lair:4:   layout_cave_shapes, minmay_snake_entry_guardpost_medium,
          serial_bayou_shore_b
Lair:5:   onia_ninara_swampy_vault, layout_hall_layers,
          infiniplex_staircase_pool

Skill      XL: |  1  2  3  4  5  6  7  8  9 10 11 12 13 |
---------------+----------------------------------------+-----
Dodging        | 3 4 5 6 8 |  8.4
Maces & Flails | 3 4 5 6 8 9 11 12 | 12.3
Armour         | 1 2 3 4 5 6 7 |  7.9
Fighting       | 3 4 5 6 8 9 10 | 10.0
Evocations     | 1 3 5 7 8 9 |  9.3
Axes           | 2 5 |  5.5
Invocations    | 4 |  4.1
Throwing       | |  1.7

Action                   |  1- 3 |  4- 6 |  7- 9 | 10-12 | 13-15 || total
-------------------------+-------+-------+-------+-------+-------++-------
Melee: Flail             |   117 |   276 |   457 |       |       ||   850
       Kick              |       |       |   149 |   244 |   116 ||   509
       War axe           |       |       |    35 |    23 |       ||    58
       Whip              |       |       |       |   729 |   268 ||   997
Throw: Throwing net      |     3 |       |     2 |    10 |     1 ||    16
Invok: Wall of Briars    |       |       |       |     1 |     2 ||     3
       Grow Ballistomyce |       |       |       |       |     1 ||     1
Evoke: Wand              |       |       |       |       |    10 ||    10
  Use: Scroll            |     1 |     2 |    15 |     7 |       ||    25
       Potion            |       |       |     7 |     7 |     1 ||    15
 Stab: Sleeping          |     1 |       |       |       |       ||     1
       Held in net/web   |     1 |       |       |     8 |     1 ||    10
       Distracted        |       |       |       |     2 |       ||     2
       Paralysed         |       |       |       |       |     7 ||     7
       Confused          |       |       |       |       |     2 ||     2
  Eat: Chunk             |       |     4 |    15 |    15 |     4 ||    38
       Ration            |       |       |       |     1 |     1 ||     2
Armor: Ring mail         |    48 |   150 |   259 |   212 |    65 ||   734
       Leather armour    |     2 |       |       |       |       ||     2
Dodge: Dodged            |    86 |   257 |   406 |   440 |   148 ||  1337
